 Dungeon Crawl Stone Soup version 0.31-a0-18-gea43df2a32 (webtiles) character file.

Game seed: 3047023266861859915

28 subawu the Digger (level 2, -19/22 HPs)
             Began as a Draconian Earth Elementalist on May 9, 2023.
             Killed by an exploding kobold (40 damage)
             ... ignited by their inner flame
             ... on level 2 of the Dungeon.
             The game lasted 00:03:31 (734 turns).

subawu the Digger (Draconian Earth Elementalist)     Turns: 734, Time: 00:03:32

Health: -19/22     AC:  4    Str: 10    XL:     2   Next: 96%
Magic:  5/5        EV: 12    Int: 15    God:
Gold:   4          SH:  0    Dex: 11    Spells: 5/6 levels left

rFire   . . .        g - +0 flail (drain)
rCold   . . .        (no shield)
rNeg    . . .        (body armour unavailable)
rPois   .            (helmet restricted)
rElec   .            (no cloak)
rCorr   +            (no gloves)
SInv    .            (no boots)
Will    .....        (no amulet)
Stlth   ++           d - ring of resist corrosion
HPRegen 0.23/turn    (no ring)
MPRegen 0.09/turn

%: no passive effects
@: no status effects
A: AC +4, unfitting armour, cold-blooded
a: no special abilities


You were on level 2 of the Dungeon.
You visited 1 branch of the dungeon, and saw 2 of its levels.

You collected 4 gold pieces.

Inventory:

Hand Weapons
 b - a +0 war axe
 f - a +0 short sword of freezing
 g - a +0 flail of draining (weapon)
Missiles
 e - 6 stones
Armour
 i - a +0 pair of boots
Jewellery
 d - a ring of resist corrosion (left hand)
Potions
 a - a potion of magic
 c - 2 potions of cancellation {unknown}


   Skills:
 + Level 0.7 Fighting
 + Level 0.3 Axes
 + Level 1.9 Dodging
 + Level 2.0 Stealth
 + Level 2.5 Spellcasting
 + Level 1.0 Transmutations
 + Level 3.3 Earth Magic


You had 5 spell levels left.
You knew the following spells:

 Your Spells              Type           Power      Damage    Failure   Level
a - Sandblast             Erth           22%        2d7       5%          1

Your spell library contained the following spells:

 Spells                   Type           Power      Damage    Failure   Level
 Passwall                 Tmut/Erth      6%         N/A       13%         2
 Stone Arrow              Conj/Erth      12%        3d7       32%         3
 Petrify                  Tmut/Erth      8%         N/A       65%         4


Dungeon Overview and Level Annotations

Branches:
Dungeon (2/15)

Altars:

Shops:
D:1 (


Innate Abilities, Weirdness & Mutations

Your plain brown scales are hard. (AC +4)
You cannot fit into any form of body armour.
You are cold-blooded and may be slowed by cold attacks.


Message History

g - a +0 flail of draining Your +0 short sword of freezing stops glowing.
You sense an unholy aura.
g - a +0 flail of draining (weapon)
There is a stone staircase leading down here.
h - a scroll labelled VOSTET WAXKYI
There is an open door here.
You see here a ball python skeleton.
There is an open door here.
You see here a bat skeleton.
There is a stone staircase leading down here.
You enter the shallow water.
Moving in this stuff is going to be slow.
You open the door.
There is an open door here.
There is a stone staircase leading down here.
You climb downwards.
There is a stone staircase leading up here.
There is a stone staircase leading up here.
Found a pair of boots.
Found a scroll labelled YGGIFFIOGG. 2 kobolds come into view.
The kobold shouts! x2
You see here a +0 pair of boots.
i - a +0 pair of boots
As you read the scroll labelled VOSTET WAXKYI, it crumbles to dust.
The creatures around you are filled with an inner flame!
It was a scroll of immolation.
d - a ring of resist corrosion (left hand)
Found 4 poisoned darts.
The kobold closely misses you. The kobold hits you but does no damage.
You barely miss the kobold.
Your tail-slap misses the kobold.
The kobold closely misses you. The kobold hits you but does no damage.
The kobold misses you. The kobold hits you with a +0 dagger.
You barely miss the kobold. You tail-slap the kobold.
The kobold explodes!
The fiery explosion engulfs the kobold!!
The fiery explosion engulfs you!!!
Ouch! That really hurt!
You die...

#...........
#...........
#...........
#...........
#..........#
#######..........#
#................#
#................#
#....§@§.........#
.......§§##########
#.....§§§#
#........#
##.?.....#
#.......# #.....(.#
#.......#


There were no monsters in sight!

Vanquished Creatures
  A gnoll (D:1)
  2 endoplasms (D:1)
  2 goblins (D:1)
  3 hobgoblins (D:1)
  5 kobolds
  4 ball pythons (D:1)
  2 bats (D:1)
19 creatures vanquished.

Notes
Turn   | Place    | Note
-------+----------+-------------------------------------------
     0 | D:1      | subawu the Draconian Earth Elementalist began the quest for
                  | the Orb.
     0 | D:1      | Reached XP level 1. HP: 14/14 MP: 3/3
   225 | D:1      | Reached XP level 2. HP: 16/20 MP: 3/5
   278 | D:1      | Found Ivew's Antique Weapon Emporium.
   734 | D:2      | Killed by an exploding kobold... ignited by their inner
                  | flame

Illustrated notes

Levels and vault maps discovered:
D:1:      psy_arrival_spokes, layout_basic, serial_shops, nicolae_diamond_shop,
          corner_web_ring, chequers_serial_rivers_small_a
D:2:      layout_basic, uniq_jessica, uniq_crazy_yiuf_cottage

Skill      XL: |  1  2 |
---------------+-------+-----
Stealth        | 2 |  2.0
Fighting       | |  0.7
Axes           | |  0.3
Dodging        | |  1.9
Spellcasting   | |  2.5
Transmutations | |  1.0
Earth Magic    | |  3.3

Action                     || total
---------------------------++-------
  Melee: War axe           ||    27
         Tailslap          ||     6
         Short sword       ||     9
         Flail             ||     2
   Cast: Sandblast         ||     6
    Use: Scroll            ||     1
   Stab: Sleeping          ||     1
 Armour: Skin              ||    22
  Dodge: Dodged            ||    70

Table legend: (Time is in decaauts)
 A = Elapsed time spent in this place.
 B = Non-inter-level travel time spent in this place.
 C = Inter-level travel time spent in this place.
 D = Time resting spent in this place.
 E = Time spent auto-exploring this place.
 F = Levels seen in this place.
 G = Mean time per level.
                   A        B        C        D        E       F      G
               +--------+--------+--------+--------+--------+-----+--------+
         Total |    749 |    644 |    105 |     99 |      0 |   2 |  374.5 |
       Dungeon |    749 |    644 |    105 |     99 |      0 |   2 |  374.5 |
               +--------+--------+--------+--------+--------+-----+--------+

Top non-repeatable levels by time:
     D:1: 723 daAuts
     D:2: 25 daAuts
